 Dungeon Crawl Stone Soup version 0.28.0-45-g0d030f2227 (webtiles) character file.

Game seed: 1723828082731871161

84 seaoflcl the Covered (level 4, -3/35 HPs)
             Began as a Human Fighter on Apr 11, 2022.
             Killed from afar by Natasha (5 damage)
             ... with a magic dart
             ... on level 3 of the Dungeon.
             The game lasted 00:02:43 (2245 turns).

seaoflcl the Covered (Human Fighter)                Turns: 2245, Time: 00:02:44

Health: -3/35      AC:  3    Str: 19    XL:     4   Next: 72%
Magic:  4/4        EV: 11    Int:  8    God:
Gold:   57         SH:  4    Dex: 12    Spells: 3/3 levels left

rFire   . . .      SeeInvis .   a - +0 long sword
rCold   . . .      Faith    .   c - +0 buckler
rNeg    . . .      Spirit   .   o - +0 animal skin
rPois   .          Reflect  .   n - +0 helmet
rElec   .          Harm     .   (no cloak)
rCorr   .          Rampage  .   (no gloves)
Will    .....                   (no boots)
Stlth   +.........              (no amulet)
HPRegen 0.11/turn               (no ring)
MPRegen 0.09/turn               (no ring)

@: mighty, slowed, very slow
A: no striking features
a: no special abilities


You were on level 3 of the Dungeon.
You visited 1 branch of the dungeon, and saw 3 of its levels.

You collected 57 gold pieces.

Inventory:

Hand Weapons
 a - a +0 long sword (weapon)
 b - a +0 hunting sling
Missiles
 h - 18 sling bullets
 m - 2 throwing nets (quivered)
Armour
 c - a +0 buckler (worn)
 e - a +0 scale mail
 n - a +0 helmet (worn)
 o - a +0 animal skin (worn)
Scrolls
 i - a scroll of teleportation {unknown}
 j - a scroll of vulnerability {unknown}
 k - a scroll of enchant weapon {unknown}
 l - a scroll of magic mapping {unknown}
Potions
 g - a potion of cancellation {unknown}
 p - a potion of resistance {unknown}


   Skills:
 + Level 3.5 Fighting
 + Level 3.1 Long Blades
 + Level 3.5 Armour
 + Level 0.2 Dodging
 + Level 3.4 Shields


You had 3 spell levels left.
You didn't know any spells.
Your spell library was empty.

Dungeon Overview and Level Annotations

Branches:
Dungeon (3/15)

Altars:

Shops:
D:2 [

Annotations:
D:3 Natasha


Message History

You are too injured to fight recklessly!
You are too injured to fight recklessly!
You are too injured to fight recklessly!
You are too injured to fight recklessly!
You are too injured to fight recklessly!
You are too injured to fight recklessly!
You are too injured to fight recklessly!
You are too injured to fight recklessly!
You are too injured to fight recklessly!
You hit Natasha.
Natasha is moderately wounded.
Natasha misses you. x2
You barely miss Natasha.
Natasha is moderately wounded.
You block Natasha's attack. Natasha claws you!
* * * LOW HITPOINT WARNING * * *
You barely miss Natasha.
Natasha is moderately wounded.
Natasha claws you.
* * * LOW HITPOINT WARNING * * *
You block Natasha's attack.
You hit Natasha but do no damage.
Natasha is moderately wounded.
Natasha mumbles some strange words.
Natasha claws you but does no damage.
Natasha mumbles some strange words.
You feel troubled.
Natasha stares at you and mumbles some strange words.
The magic dart hits you.
* * * LOW HITPOINT WARNING * * *
The shadow imp shouts, "Slither away, thou mammering wibble-sucking fleecer!"
You block Natasha's attack.
It was a potion of curing.
You feel better. Natasha misses you.
You feel very mighty all of a sudden. Natasha claws you!
* * * LOW HITPOINT WARNING * * *
The shadow imp disappears for a moment.
Natasha stares at you and mumbles some strange words.
The magic dart hits you.
You die...

########
#...5h.##
#.####@.## #
#<.....##
###..#..#
#.......###...##
....###..#..#..#
## #....## ..
....## . .....
..[.#..


You could see Natasha and a shadow imp (summoned).

Vanquished Creatures
  Robin (D:2)
  An adder (D:2)
  2 dart slugs
  3 endoplasms (D:1)
  3 giant cockroaches
  11 goblins
  8 hobgoblins
  6 jackals (D:1)
  3 kobolds
  2 quokkas (D:1)
  2 ball pythons (D:1)
  3 bats (D:1)
  A frilled lizard (D:1)
  5 rats (D:1)
51 creatures vanquished.

Notes
Turn   | Place    | Note
-------+----------+-------------------------------------------
     0 | D:1      | seaoflcl the Human Fighter began the quest for the Orb.
     0 | D:1      | Reached XP level 1. HP: 18/18 MP: 1/1
   205 | D:1      | Reached XP level 2. HP: 20/24 MP: 2/2
   582 | D:1      | Reached XP level 3. HP: 29/29 MP: 3/3
  1128 | D:2      | Reached XP level 4. HP: 13/35 MP: 4/4
  1606 | D:2      | Found Nielig's Antique Armour Shop.
  1727 | D:2      | Noticed Robin
  1760 | D:2      | Killed Robin
  2230 | D:3      | Noticed Natasha
  2245 | D:3      | Killed from afar by Natasha

Illustrated notes

Levels and vault maps discovered:
D:1:      onia_arrival_handbag, layout_loops_cross, palyth_stone_intersect
D:2:      layout_basic, serial_shops, shop, uniq_robin
D:3:      layout_basic, mainiacjoe_overflow_brackets, general_overflow_altar,
          serial_shops, shop, nicolae_shop_bloodbath_and_beyond, serial_glass,
          glass_columns_c, glass_columns_c, feat_on_display,
          minmay_strange_pillars, minmay_strange_pillars, item_on_display_a,
          minmay_joined_circles, uniq_natasha

Skill      XL: |  1  2  3  4 |
---------------+-------------+-----
Long Blades    | 3 |  3.1
Fighting       | |  3.5
Armour         | |  3.5
Dodging        | |  0.2
Shields        | |  3.4

Action                   |  1- 3 |  4- 6 || total
-------------------------+-------+-------++-------
Melee: Long sword        |    95 |    40 ||   135
  Use: Potion            |       |     2 ||     2
Armor: Scale mail        |    68 |    15 ||    83
       Animal skin       |       |     1 ||     1
Dodge: Dodged            |    57 |    17 ||    74
Block: Buckler           |    31 |     9 ||    40
